 Dungeon Sprint DCSS version 0.31-a0-145-g046c7d2549 (webtiles) character file.

Game seed: 12715288562101810233

160 Gabide the Marksfrog (level 9, -8/69 HPs)
             Began as a Barachi Hunter on June 4, 2023.
             Was the Champion of Cheibriados.
             Mangled by a naga warlord
             ... wielding a +0 trident
              (18 damage)
             ... in the Dungeon (Sprint VI: "Thunderdome").
             The game lasted 00:09:13 (433 turns).

Gabide the Marksfrog (Barachi Hunter)                Turns: 433, Time: 00:09:14

Health: -8/69      AC:  3    Str: 27    XL:     9   Next: 8%
Magic:  9/9        EV: 19    Int: 24    God:    Cheibriados [******]
Gold:   140        SH:  0    Dex: 36    Spells: 8/8 levels left

rFire   + . .        b - +0 triple crossbow
rCold   + . .        (shield currently unavailable)
rNeg    . . .        c - +0 leather armour
rPois   +            (no helmet)
rElec   +            (no cloak)
rCorr   +            (no gloves)
SInv    .            (no boots)
Will    .....        (no amulet)
Stlth   +++          (no ring)
HPRegen 0.31/turn    (no ring)
MPRegen 0.11/turn

%: no teleportation
@: resistant, very slow
A: amphibious, slowness 1, strong legs 1, +LOS
a: Hop, Renounce Religion, Bend Time, Temporal Distortion, Slouch, Step From
Time


You were in the Dungeon.
You worshipped Cheibriados.
Cheibriados was exalted by your worship.
You visited 1 branch You collected 440 gold pieces.
You spent 300 gold pieces at shops.

Inventory:

Hand Weapons
 a - a +0 shortbow
 b - a +0 triple crossbow (weapon)
Armour
 c - a +0 leather armour (worn)
Wands
 j - a wand of iceblast (5)
 k - a wand of light (4)
Scrolls
 i - 4 scrolls of blinking
 l - 3 scrolls of fog
Potions
 e - 2 potions of heal wounds
 f - 4 potions of haste
 g - 2 potions of magic
 h - a potion of berserk rage


   Skills:
 - Level 6.0 Fighting
 * Level 18.4 Ranged Weapons
 - Level 0.9 Armour
 - Level 6.0 Dodging
 - Level 1.0 Stealth


You had 8 spell levels left.
You didn't know any spells.
Your spell library was empty.

Dungeon Overview and Level Annotations

Branches:
Dungeon (1/1)

Altars:
Cheibriados
Dithmenos
Fedhas
Gozag
Kikubaaqudgha
Makhleb
Okawaru
Qazlal
Ru
Sif Muna
Trog
Uskayaw
Vehumet
Wu Jian
Xom
Yredelemnul
Zin
The Shining One
Lugonu

Shops:
D *[??*?*:[((!!!!


Innate Abilities, Weirdness & Mutations

You are amphibious.
You cover ground slowly.
You can hop short distances.
You have an extended range of vision and can be seen from far away.


Message History

Your damage rating with your +0 triple crossbow is about 57 (Base 23 x 165% (Dex) x 150% (Skill)).
Your base attributes are Str 12, Int 9, Dex 21.
You swap places.
You feel sick. The naga warlord spits poison at you.
The splash of poison hits your butterfly!
Your butterfly dies!
Your butterfly disappears in a burst of colours!
Fire: b) +0 triple crossbow
Press: ? - help, Q - select action, (/) - cycle Shift-Dir - straight line, f/p - naga warlord
Aim: a naga warlord, wielding a +0 trident (severely wounded, blind, catching its breath, ally target, 75% to hit)
You shoot a bolt.
The bolt barely misses the naga warlord.
You feel sick.
You feel sick.
You are no longer poisoned.
The naga warlord hits your butterfly with a +0 trident!!
Your butterfly dies!
Your butterfly disappears in a burst of colours!
The naga warlord completely misses your butterfly.
Fire: b) +0 triple crossbow
Press: ? - help, Q - select action, (/) - cycle Shift-Dir - straight line, f/p - naga warlord
Aim: a naga warlord, wielding a +0 trident (severely wounded, wandering, blind, ally target, hasn't noticed you, 75% to hit)
Really fire in your butterfly's direction?
You shoot a bolt. The bolt hits your butterfly!!
You kill your butterfly!
Your butterfly disappears in a burst of colours!
You are ready to hop once more.
Fire: b) +0 triple crossbow
Press: ? - help, Q - select action, (/) - cycle Shift-Dir - straight line, f/p - naga warlord
Aim: a naga warlord, wielding a +0 trident (severely wounded, blind, ally target, 75% to hit)
You shoot a bolt. The bolt hits the naga warlord.
The naga warlord is severely wounded.
Fire: b) +0 triple crossbow
Press: ? - help, Q - select action, (/) - cycle Shift-Dir - straight line, f/p - naga warlord
Aim: a naga warlord, wielding a +0 trident (severely wounded, blind, ally target, 75% to hit)
You shoot a bolt.
The bolt barely misses the naga warlord.
The naga warlord is no longer blind.
The naga warlord hits you from afar with a +0 trident!!
You die...

##### ##⌠⌠⌠## #.....#
##.....## ##∩.....∩##
#b..b....∩# #...bb..._#
#_..b.b...# #_b.b.b.@_#
###...bb.bbb###
#⌠....b.)..bN⌠#
######)8......b..8.######
##.___......###bbbb.b___∩##
#∩........8.# #.8bb......∩###
............###...b.b.......##
.........###...###..b.......⌠#
.....[...# #.<.# #..÷...÷...⌠#


You could see a naga warlord (ally target).

Vanquished Creatures
  A naga ritualist (D)
  2 guardian mummies (D)
  Menkaure (D)
  2 hell hounds (D)
  4 wolves (D)
  2 jellies (D)
  Terence (D)
  3 mummies (D)
  An adder (D)
  An orc (D)
  3 endoplasms (D)
  A ball python (D)
  A kobold (D)
23 creatures vanquished.

Notes
Turn   | Place    | Note
-------+----------+-------------------------------------------
     0 | D        | Gabide the Barachi Hunter began the quest for the Orb.
     0 | D        | Reached XP level 1. HP: 17/17 MP: 1/1
     1 | D        | Found a bloodstained altar of Trog.
     1 | D        | Found a shadowy altar of Dithmenos.
     1 | D        | Found a glowing golden altar of the Shining One.
     2 | D        | Found a basalt altar of Yredelemnul.
     2 | D        | Found an iron altar of Okawaru.
     3 | D        | Found a corrupted altar of Lugonu.
     3 | D        | Found a blossoming altar of Fedhas.
     3 | D        | Found Pihum's Weapon Rack.
     3 | D        | Found Udikkel's Premium Goods.
     4 | D        | Found a stormy altar of Qazlal.
     4 | D        | Found a sacrificial altar of Ru.
     4 | D        | Found Laek's Basic Armour.
     4 | D        | Found Muothrosua's Miscellaneous Merchandise.
     4 | D        | Found a burning altar of Makhleb.
     4 | D        | Found a shimmering altar of Xom.
     5 | D        | Round 1.
    25 | D        | Found a snail-covered altar of Cheibriados.
    25 | D        | Found a glowing silver altar of Zin.
    25 | D        | Found Odiec's Identification Station.
    25 | D        | Found Yborroeg's Advanced Armour.
    25 | D        | Found Noado's Jewellery.
    26 | D        | Found a hide-covered altar of Uskayaw.
    26 | D        | Found an opulent altar of Gozag.
    31 | D        | Became a worshipper of Cheibriados the Contemplative
    37 | D        | Reached skill level 5 in Ranged Weapons
    37 | D        | Reached XP level 2. HP: 23/23 MP: 2/2
    39 | D        | Noticed Terence
    44 | D        | Killed Terence
    44 | D        | Reached * piety under Cheibriados
    45 | D        | Reached skill level 7 in Ranged Weapons
    45 | D        | Reached XP level 3. HP: 29/29 MP: 3/3
    48 | D        | Found an ornate altar of the Wu Jian Council.
    51 | D        | Reached ** piety under Cheibriados
    62 | D        | Found a radiant altar of Vehumet.
    62 | D        | Found Qanurch Moem's Magic Scroll Shop.
    62 | D        | Found Eximih's Magic Scroll Shop.
    62 | D        | Found Jykhat's Must-Have Magic.
    66 | D        | Found an ancient bone altar of Kikubaaqudgha.
    66 | D        | Found a shimmering blue altar of Sif Muna.
    66 | D        | Found Pantuy's Staff Store.
    84 | D        | Arena points: 12 (+12) [x2]
    87 | D        | Found Muatz's Distillery.
    87 | D        | Found Rumay's Distillery.
    87 | D        | Found Samivo Kood's Bottled Wisdom.
    88 | D        | Found Tukky's Do-It-Yourself Clinic.
    96 | D        | Round 2.
    97 | D        | Reached *** piety under Cheibriados
   110 | D        | Reached skill level 8 in Ranged Weapons
   110 | D        | Reached XP level 4. HP: 36/36 MP: 4/4
   114 | D        | Reached **** piety under Cheibriados
   115 | D        | Reached skill level 9 in Ranged Weapons
   131 | D        | Arena points: 48 (+36) [x3]
   140 | D        | Round 3.
   166 | D        | Noticed a wolf
   175 | D        | Killed a wolf
   176 | D        | Reached skill level 10 in Ranged Weapons
   176 | D        | Reached skill level 1 in Stealth
   176 | D        | Reached XP level 5. HP: 39/46 MP: 5/5
   202 | D        | Noticed a wolf
   212 | D        | Killed a wolf
   212 | D        | Reached ***** piety under Cheibriados
   213 | D        | Reached skill level 11 in Ranged Weapons
   213 | D        | Reached skill level 5 in Dodging
   213 | D        | Reached XP level 6. HP: 52/52 MP: 6/6
   222 | D        | Reached skill level 12 in Ranged Weapons
   227 | D        | Noticed a hell hound
   227 | D        | Noticed a hell hound
   241 | D        | Killed a hell hound
   242 | D        | Reached skill level 13 in Ranged Weapons
   242 | D        | Reached XP level 7. HP: 54/58 MP: 7/7
   244 | D        | Reached skill level 14 in Ranged Weapons
   249 | D        | Reached ****** piety under Cheibriados
   249 | D        | Arena points: 132 (+84) [x4]
   262 | D        | Bought a +0 triple crossbow for 300 gold pieces
   291 | D        | Round 4.
   320 | D        | Noticed Menkaure
   320 | D        | Killed Menkaure
   321 | D        | Reached skill level 15 in Ranged Weapons
   330 | D        | Noticed a guardian mummy
   333 | D        | Killed a guardian mummy
   334 | D        | Reached skill level 16 in Ranged Weapons
   334 | D        | Reached XP level 8. HP: 51/64 MP: 8/8
   336 | D        | Noticed a guardian mummy
   338 | D        | Killed a guardian mummy
   339 | D        | Reached skill level 17 in Ranged Weapons
   375 | D        | Arena points: 160 (+28) [x1]
   382 | D        | Round 5.
   404 | D        | Noticed a naga warlord
   417 | D        | Noticed a naga ritualist
   422 | D        | Killed a naga ritualist
   423 | D        | Reached skill level 18 in Ranged Weapons
   423 | D        | Reached XP level 9. HP: 46/69 MP: 9/9
   433 | D        | Mangled by a naga warlord

Illustrated notes

Levels and vault maps discovered:
D:        arena_sprint

Skill      XL: |  1  2  3  4  5  6  7  8 |
---------------+-------------------------+-----
Ranged Weapons | 5 7 8 10 11 13 16 18 | 18.4
Fighting       | 3 6 |  6.0
Dodging        | 3 4 5 6 |  6.0
Stealth        | 1 |  1.0
Armour         | |  0.9

Action                     |  1- 3 |  4- 6 |  7- 9 || total
---------------------------+-------+-------+-------++-------
   Fire: Shortbow          |    23 |    34 |    13 ||    70
         Triple crossbow   |       |       |    34 ||    34
Ability: Hop               |       |     2 |     1 ||     3
  Evoke: Wand              |       |       |     1 ||     1
    Use: Potion            |       |     2 |     3 ||     5
         Scroll            |       |       |     1 ||     1
  Dodge: Dodged            |       |     6 |    14 ||    20

Table legend: (Time is in decaauts)
 A = Elapsed time spent in this place.
 B = Non-inter-level travel time spent in this place.
 C = Inter-level travel time spent in this place.
 D = Time resting spent in this place.
 E = Time spent auto-exploring this place.
 F = Levels seen in this place.
 G = Mean time per level.
                   A        B        C        D        E       F      G
               +--------+--------+--------+--------+--------+-----+--------+
         Total |    594 |    554 |     40 |     90 |    149 |   1 |  594.0 |
       Dungeon |    594 |    554 |     40 |     90 |    149 |   1 |  594.0 |
               +--------+--------+--------+--------+--------+-----+--------+

Top non-repeatable levels by time:
       D: 594 daAuts
